MWL (24 & UNDER)
BEMIDJI BENDERS @ ERIE JAXX
08/17/2026
 
TOP OF THE 1ST
Bemidji Benders batting - Pitching for Erie Jaxx : RHP Steve Newman
Pitching: RHP Steve Newman
Batting: LHB Bruce Foster 0-0: Foul Ball, location: 2F
0-1: Swinging Strike
0-2: Ball
1-2: Foul Ball, location: 2F
1-2: Foul Ball, location: 2F
1-2: Strikes out swinging
Batting: SHB Dave Henley 0-0: Ball
1-0: Called Strike
1-1: Ground out 4-3 (Groundball, 4M)
Batting: LHB Todd Anderson 0-0: Foul Ball, location: 2F
0-1: Ball
1-1: Foul Ball, location: 2F
1-2: Strikes out swinging
Top of the 1st over - 0 run(s), 0 hit(s), 0 error(s), 0 left on base; Bemidji 0 - Erie 0
BOTTOM OF THE 1ST
Erie Jaxx batting - Pitching for Bemidji Benders : RHP Sixto Santiago
Pitching: RHP Sixto Santiago
Batting: RHB Luis Fuentes 0-0: Hit by Pitch
Batting: LHB Josh Pérez 0-0: Ground out 3-1 (Groundball, 34)
Luis Fuentes to second
Batting: RHB Bobby Murdock 0-0: Foul Ball, location: 2F
0-1: Ball
1-1: Ball
2-1: Foul Ball, location: 2F
2-2: SINGLE (Line Drive, 78S)
Luis Fuentes to third
Batting: LHB Milton Watson 0-0: Foul Ball, location: 2F
0-1: Swinging Strike
0-2: Foul Ball, location: 2F
0-2: Foul Ball, location: 2F
0-2: Ball
1-2: Foul Ball, location: 2F
1-2: Ball
2-2: Ball
3-2: Grounds into double play, 1-4-3 (Groundball, 13S)
Bottom of the 1st over - 0 run(s), 1 hit(s), 0 error(s), 1 left on base; Bemidji 0 - Erie 0
TOP OF THE 2ND
Bemidji Benders batting - Pitching for Erie Jaxx : RHP Steve Newman
Batting: SHB Conan Hanson 0-0: Called Strike
0-1: Ball
1-1: Called Strike
1-2: Ground out 4-3 (Groundball, 34)
Batting: LHB Jesús Raugel 0-0: Ball
1-0: Fly out, F8 (Line Drive, 8RM)
Batting: RHB Bob Carr 0-0: Foul Ball, location: 2F
0-1: Called Strike
0-2: Foul Ball, location: 2F
0-2: SINGLE (Line Drive, 9S)
Batting: RHB Aaron Washington 0-0: Called Strike
0-1: Foul Ball, location: 2F
0-2: Foul Ball, location: 2F
0-2: Fielders Choice at 2nd, 5-4 (Groundball, 56)
Top of the 2nd over - 0 run(s), 1 hit(s), 0 error(s), 0 left on base; Bemidji 0 - Erie 0
BOTTOM OF THE 2ND
Erie Jaxx batting - Pitching for Bemidji Benders : RHP Sixto Santiago
Batting: RHB Steve Clifton 0-0: Called Strike
0-1: Swinging Strike
0-2: Foul Ball, location: 2F
0-2: Ball
1-2: Strikes out looking
Batting: RHB Alfredo Ramírez 0-0: Foul Ball, location: 2F
0-1: Called Strike
0-2: Foul Ball, location: 2F
0-2: Strikes out looking
Batting: SHB Michael Field 0-0: Fly out, F7 (Flyball, 7S)
Bottom of the 2nd over - 0 run(s), 0 hit(s), 0 error(s), 0 left on base; Bemidji 0 - Erie 0
TOP OF THE 3RD
Bemidji Benders batting - Pitching for Erie Jaxx : RHP Steve Newman
Batting: LHB Carlos De La Rosa 0-0: Foul Ball, location: 2F
0-1: Ball
1-1: Fly out, F6 (Popup, 6D)
Batting: RHB Roberto Solís 0-0: Ball
1-0: Foul Ball, location: 2F
1-1: SINGLE (Line Drive, 7LS)
Batting: LHB Bruce Foster 0-0: DOUBLE (Flyball, 8RXD)
Roberto Solís to third
Batting: SHB Dave Henley 0-0: Called Strike
0-1: Ball
1-1: Ball
2-1: SINGLE (Groundball, 56)
Roberto Solís scores
Bruce Foster to third
Runner from 3rd tries for Home, SAFE, no throw or cutoff
Batting: LHB Todd Anderson 0-0: Foul Ball, location: 2F
0-1: Swinging Strike
0-2: Ball
1-2: Strikes out swinging
Batting: SHB Conan Hanson 0-0: Ball
1-0: SINGLE (Line Drive, 56)
Dave Henley to second
Batting: LHB Jesús Raugel 0-0: Fly out, F9 (Flyball, 89M)
Top of the 3rd over - 2 run(s), 4 hit(s), 0 error(s), 2 left on base; Bemidji 2 - Erie 0
BOTTOM OF THE 3RD
Erie Jaxx batting - Pitching for Bemidji Benders : RHP Sixto Santiago
Batting: RHB Júlio Hernández 0-0: Called Strike
0-1: Ball
1-1: Swinging Strike
1-2: Strikes out swinging
Batting: RHB Cristián Cauozos 0-0: Ball
1-0: Ball
2-0: Ball
3-0: Base on Balls
Batting: RHB Luis Fuentes 0-0: Ball
Cristián Cauozos is caught stealing 2nd base
1-0: Called Strike
1-1: SINGLE (Groundball, 6M)
Batting: LHB Josh Pérez 0-0: Foul Ball, location: 2F
0-1: Ball
1-1: Called Strike
1-2: Fly out, F5 (Popup, 5)
Bottom of the 3rd over - 0 run(s), 1 hit(s), 0 error(s), 1 left on base; Bemidji 2 - Erie 0
TOP OF THE 4TH
Bemidji Benders batting - Pitching for Erie Jaxx : RHP Steve Newman
Batting: RHB Bob Carr 0-0: DOUBLE (Flyball, 7D)
Batting: RHB Aaron Washington 0-0: Ball
1-0: Called Strike
1-1: Ball
2-1: Foul Ball, location: 2F
2-2: Ball
3-2: Foul Ball, location: 2F
3-2: SINGLE (Line Drive, 89M)
Bob Carr to third
Runner from 3rd tries for Home, SAFE, no throw or cutoff
Batting: LHB Carlos De La Rosa 0-0: Swinging Strike
Balk!
Aaron Washington to second
0-1: Fly out, F3 (Line Drive, 34)
Batting: RHB Roberto Solís 0-0: Called Strike
0-1: Ball
1-1: Ground out 6-3 (Groundball, 6)
Aaron Washington to third
Batting: LHB Bruce Foster 0-0: SINGLE (Groundball, 56D)
Aaron Washington scores
Batting: SHB Dave Henley 0-0: Foul Ball, location: 2F
0-1: Ball
1-1: Foul Ball, location: 2F
1-2: SINGLE (Line Drive, 6MD)
Bruce Foster to second
Runner from 2nd tries for 3rd, SAFE, throw made to third
Batting: LHB Todd Anderson 0-0: Called Strike
0-1: Foul Ball, location: 2F
0-2: Strikes out swinging
Top of the 4th over - 2 run(s), 4 hit(s), 0 error(s), 2 left on base; Bemidji 4 - Erie 0
BOTTOM OF THE 4TH
Erie Jaxx batting - Pitching for Bemidji Benders : RHP Sixto Santiago
Batting: RHB Bobby Murdock 0-0: Foul Ball, location: 2F
0-1: Swinging Strike
0-2: Foul Ball, location: 2F
0-2: Ball
1-2: Fly out, F7 (Flyball, 78D)
Batting: LHB Milton Watson 0-0: Foul Ball, location: 2F
0-1: Ball
1-1: Foul Ball, location: 2F
1-2: Fly out, F8 (Flyball, 8LD)
Batting: RHB Steve Clifton 0-0: Ball
1-0: DOUBLE (Groundball, 5L)
Batting: RHB Alfredo Ramírez 0-0: Ground out U3 (Groundball, 3)
Bottom of the 4th over - 0 run(s), 1 hit(s), 0 error(s), 1 left on base; Bemidji 4 - Erie 0
TOP OF THE 5TH
Bemidji Benders batting - Pitching for Erie Jaxx : RHP Steve Newman
Batting: SHB Conan Hanson 0-0: Foul Ball, location: 2F
0-1: Ball
1-1: Swinging Strike
1-2: Ball
2-2: Ball
3-2: Strikes out looking
Batting: LHB Jesús Raugel 0-0: Called Strike
0-1: Fly out, F9 (Flyball, 89S)
Batting: RHB Bob Carr 0-0: Ball
1-0: Foul Ball, location: 2F
1-1: Called Strike
1-2: Foul Ball, location: 2F
1-2: Ball
2-2: Foul Ball, location: 2F
2-2: Foul Ball, location: 2F
2-2: Ball
3-2: Base on Balls
Batting: RHB Aaron Washington 0-0: Called Strike
0-1: Called Strike
0-2: Ball
Bob Carr steals 2nd base
1-2: Ball
2-2: SINGLE (Groundball, 56D)
Bob Carr to third
Runner from 3rd tries for Home, SAFE, no throw or cutoff
Pitching: LHP Luis Torres
Batting: LHB Carlos De La Rosa 0-0: Ball
1-0: Foul Ball, location: 2F
1-1: Ball
Aaron Washington is caught stealing 2nd base
Top of the 5th over - 1 run(s), 1 hit(s), 0 error(s), 0 left on base; Bemidji 5 - Erie 0
BOTTOM OF THE 5TH
Erie Jaxx batting - Pitching for Bemidji Benders : RHP Sixto Santiago
Batting: SHB Michael Field 0-0: Called Strike
0-1: Ball
1-1: Ball
2-1: Foul Ball, location: 2F
2-2: Ball
3-2: Foul Ball, location: 2F
3-2: Base on Balls
Batting: RHB Júlio Hernández 0-0: Foul Ball, location: 2F
0-1: Ball
1-1: Ball
2-1: Ball
3-1: Called Strike
3-2: Fly out, F8 (Line Drive, 8LM)
Batting: RHB Cristián Cauozos 0-0: Called Strike
0-1: Ball
1-1: DOUBLE (Flyball, 89D)
Michael Field to third
Batting: RHB Luis Fuentes 0-0: Ball
1-0: Ball
2-0: Ball
3-0: Called Strike
3-1: Called Strike
3-2: Ground out 4-3 (Groundball, 34S)
Michael Field scores
Cristián Cauozos to third
Batting: LHB Josh Pérez 0-0: Ground out U3 (Groundball, 3)
Bottom of the 5th over - 1 run(s), 1 hit(s), 0 error(s), 1 left on base; Bemidji 5 - Erie 1
TOP OF THE 6TH
Bemidji Benders batting - Pitching for Erie Jaxx : LHP Luis Torres
Batting: LHB Carlos De La Rosa 0-0: Called Strike
0-1: Ball
1-1: Foul Ball, location: 2F
1-2: Ball
2-2: Ball
3-2: Foul Ball, location: 2F
3-2: Base on Balls
Batting: RHB Roberto Solís 0-0: Ball
Wild Pitch!
Carlos De La Rosa to second
1-0: SINGLE (Line Drive, 6MD)
Carlos De La Rosa to third
Runner from 3rd tries for Home, SAFE, no throw or cutoff
Batting: LHB Bruce Foster 0-0: Ball
1-0: Called Strike
1-1: Foul Ball, location: 2F
1-2: Foul Ball, location: 2F
1-2: Foul Ball, location: 2F
1-2: Strikes out swinging
Batting: SHB Dave Henley 0-0: Ball
1-0: Foul Ball, location: 2F
1-1: Called Strike
1-2: Strikes out swinging
Batting: LHB Todd Anderson 0-0: Ball
1-0: Foul Ball, location: 2F
1-1: Ball
2-1: Swinging Strike
2-2: Ball
3-2: Strikes out swinging
Top of the 6th over - 1 run(s), 1 hit(s), 0 error(s), 1 left on base; Bemidji 6 - Erie 1
BOTTOM OF THE 6TH
Erie Jaxx batting - Pitching for Bemidji Benders : RHP Sixto Santiago
Batting: RHB Bobby Murdock 0-0: Ball
1-0: Ground out 5-3 (Groundball, 5L)
Batting: LHB Milton Watson 0-0: Ball
1-0: Swinging Strike
1-1: Foul Ball, location: 2F
1-2: Ball
2-2: Ball
3-2: Fly out, F7 (Flyball, 78M)
Batting: RHB Steve Clifton 0-0: Ground out 1-3 (Groundball, 15)
Bottom of the 6th over - 0 run(s), 0 hit(s), 0 error(s), 0 left on base; Bemidji 6 - Erie 1
TOP OF THE 7TH
Bemidji Benders batting - Pitching for Erie Jaxx : LHP Luis Torres
Batting: SHB Conan Hanson 0-0: Swinging Strike
0-1: Swinging Strike
0-2: Ball
1-2: Ball
2-2: Ball
3-2: Foul Ball, location: 2F
3-2: Strikes out looking
Batting: LHB Jesús Raugel 0-0: Called Strike
0-1: Ball
1-1: Called Strike
1-2: Strikes out looking
Batting: RHB Bob Carr 0-0: Fly out, F7 (Flyball, 7LM)
Top of the 7th over - 0 run(s), 0 hit(s), 0 error(s), 0 left on base; Bemidji 6 - Erie 1
BOTTOM OF THE 7TH
Erie Jaxx batting - Pitching for Bemidji Benders : RHP Sixto Santiago
Pitching: RHP Ambrose Palmer
Batting: RHB Alfredo Ramírez 0-0: Called Strike
0-1: Called Strike
0-2: Strikes out swinging
Batting: SHB Michael Field 0-0: Ball
1-0: Swinging Strike
1-1: Ball
2-1: Ball
3-1: Called Strike
3-2: Base on Balls
Batting: RHB Júlio Hernández 0-0: Grounds into double play, 6-4-3 (Groundball, 6)
Bottom of the 7th over - 0 run(s), 0 hit(s), 0 error(s), 0 left on base; Bemidji 6 - Erie 1
TOP OF THE 8TH
Bemidji Benders batting - Pitching for Erie Jaxx : LHP Luis Torres
Pitching: LHP Todd Anderson
Batting: RHB Aaron Washington 0-0: Ball
1-0: Ball
2-0: Called Strike
2-1: SINGLE (Groundball, 34S)
Batting: LHB Carlos De La Rosa 0-0: Bunted foul
0-1: Ball
1-1: Bunted foul
1-2: SINGLE (Line Drive, 7S)
Aaron Washington to second
Batting: RHB Roberto Solís 0-0: DOUBLE (Line Drive, 5L)
Aaron Washington scores
Carlos De La Rosa to third
Batting: LHB Bruce Foster 0-0: Ball
1-0: Fly out, F7 (Flyball, 7M)
Runner from 3rd tags up, SCORES, no throw
Batting: SHB Dave Henley 0-0: Called Strike
0-1: Ball
1-1: Foul Ball, location: 2F
1-2: Foul Ball, location: 2F
1-2: Strikes out swinging
Batting: LHB Todd Anderson 0-0: Ball
1-0: Ground out 4-3 (Groundball, 34)
Top of the 8th over - 2 run(s), 3 hit(s), 0 error(s), 1 left on base; Bemidji 8 - Erie 1
BOTTOM OF THE 8TH
Erie Jaxx batting - Pitching for Bemidji Benders : RHP Ambrose Palmer
Now in RF: Simăo Polido
Batting: RHB Cristián Cauozos 0-0: Bunt missed!
0-1: Ball
1-1: SINGLE (Groundball, 6MD) (infield hit)
Batting: RHB Luis Fuentes Pickoff Throw to First - Error! E1
Cristián Cauozos to second
0-0: Ball
1-0: Ball
2-0: Ball
3-0: Base on Balls
Batting: LHB Josh Pérez 0-0: Ball
1-0: Ball
2-0: Ball
3-0: Base on Balls
Cristián Cauozos to third
Luis Fuentes to second
Batting: RHB Bobby Murdock 0-0: Foul Ball, location: 2F
0-1: Ball
1-1: Called Strike
1-2: Grounds into double play, 5-4-3 (Groundball, 5)
Cristián Cauozos scores
Luis Fuentes to third
Batting: LHB Milton Watson 0-0: Called Strike
0-1: Ball
1-1: Ball
2-1: Ball
3-1: Base on Balls
Batting: RHB Steve Clifton 0-0: Ball
1-0: Called Strike
1-1: Foul Ball, location: 2F
1-2: Ball
2-2: Ball
3-2: Fly out, F8 (Line Drive, 8RM)
Bottom of the 8th over - 1 run(s), 1 hit(s), 1 error(s), 2 left on base; Bemidji 8 - Erie 2
TOP OF THE 9TH
Bemidji Benders batting - Pitching for Erie Jaxx : LHP Todd Anderson
Batting: SHB Conan Hanson 0-0: Foul Ball, location: 2F
0-1: Fly out, F6 (Popup, 5D)
Batting: LHB Jesús Raugel 0-0: Swinging Strike
0-1: Called Strike
0-2: Strikes out swinging
Batting: RHB Bob Carr 0-0: Called Strike
0-1: Foul Ball, location: 2F
0-2: Ball
1-2: Foul Ball, location: 2F
1-2: Strikes out swinging
Top of the 9th over - 0 run(s), 0 hit(s), 0 error(s), 0 left on base; Bemidji 8 - Erie 2
BOTTOM OF THE 9TH
Erie Jaxx batting - Pitching for Bemidji Benders : RHP Ambrose Palmer
Pitching: LHP Pedro González
Batting: RHB Alfredo Ramírez 0-0: Called Strike
0-1: Swinging Strike
0-2: Ball
1-2: Foul Ball, location: 2F
1-2: Ball
2-2: Foul Ball, location: 2F
2-2: Fly out, F7 (Flyball, 7LM)
Batting: SHB Michael Field 0-0: Called Strike
0-1: Ball
1-1: Ball
2-1: SINGLE (Line Drive, 7LS)
Batting: RHB Júlio Hernández 0-0: Ball
1-0: Ball
2-0: Foul Ball, location: 2F
2-1: Ball
3-1: Base on Balls
Michael Field to second
Batting: RHB Cristián Cauozos 0-0: Ball
1-0: Called Strike
1-1: Foul Ball, location: 2F
1-2: Ball
2-2: Strikes out swinging
Batting: RHB Luis Fuentes 0-0: Called Strike
0-1: Ball
1-1: Fly out, F6 (Popup, 6D)
Bottom of the 9th over - 0 run(s), 1 hit(s), 0 error(s), 2 left on base; Bemidji 8 - Erie 2
Monday, December 5th, 2016 - OOTP Baseball 17.12 Build 75